 Dungeon Crawl Stone Soup version 0.29.1-12-g30fa7ad0bf (webtiles) character file.

Game seed: 1368974640372883824

142 suse60 the Trooper (level 5, -1/44 HPs)
             Began as a Formicid Fighter on Jan 17, 2023.
             Blown up by Ijyb (14 damage)
             ... with a mindburst bolt
             ... on level 3 of the Dungeon.
             The game lasted 00:08:52 (2096 turns).

suse60 the Trooper (Formicid Fighter)               Turns: 2096, Time: 00:08:53

Health: -1/44      AC:  6    Str: 23    XL:     5   Next: 49%
Magic:  5/5        EV: 24    Int:  7    God:
Gold:   139        SH:  6    Dex: 13    Spells: 4/4 levels left

rFire   . . .      SeeInvis +   a - +0 war axe (freeze)
rCold   . . .      Faith    .   c - +1 buckler
rNeg    . . .      Spirit   .   b - +0 scale mail
rPois   .          Reflect  .   (helmet unavailable)
rElec   .          Harm     .   (no cloak)
rCorr   .          Rampage  .   (no gloves)
Will    .....                   (no boots)
Stlth   ..........              f - amulet of the acrobat
HPRegen 0.14/turn               (no ring)
MPRegen 0.09/turn               (no ring)

@: acrobatic
A: permanent stasis, dig shafts and tunnels, antennae 3, four strong arms
a: Dig, Shaft Self


You were on level 3 of the Dungeon.
You visited 1 branch of the dungeon, and saw 3 of its levels.

You collected 139 gold pieces.

Inventory:

Hand Weapons
 a - a +0 war axe of freezing (weapon)
 h - a +0 sling
Armour
 b - a +0 scale mail (worn)
 c - a +1 buckler (worn)
Jewellery
 f - an amulet of the acrobat (around neck)
Scrolls
 i - 2 scrolls of butterflies
 k - a scroll of vulnerability
Potions
 d - a potion of might
 e - a potion of heal wounds
 g - 2 potions of degeneration {unknown}
 j - a potion of cancellation {unknown}


   Skills:
 + Level 5.0 Fighting
 + Level 3.9 Axes
 - Level 3.2 Armour
 - Level 4.0 Shields


You had 4 spell levels left.
You didn't know any spells.
Your spell library contained the following spells:

 Spells                   Type           Power      Damage    Failure   Level
 Conjure Flame            Conj/Fire      0%         6-21      99%         3
 Ignite Poison            Fire/Tmut/Pois 0%         N/A       99%         3
 Sticky Flame             Conj/Fire      0%         2d3       100%        4


Dungeon Overview and Level Annotations

Branches:
Dungeon (3/15)

Altars:
Sif Muna

Annotations:
D:3 Ijyb


Innate Abilities, Weirdness & Mutations

You cannot be hasted, slowed, berserked, paralysed or teleported.
You can dig through walls and to a lower floor.
You have a pair of large antennae on your head. (SInv)
Your four strong arms can wield two-handed weapons with a shield.


Message History

You slash the quokka! You freeze the quokka.
You kill the quokka!
Found a stone staircase leading down.
An endoplasm comes into view.
You see here 2 scrolls labelled SUTSISUPUELL.
k - 2 scrolls labelled SUTSISUPUELL You slash the endoplasm!
You freeze the endoplasm.
You kill the endoplasm!
You now have 139 gold pieces (gained 6).
A quokka comes into view.
The quokka moves out of view.
You miss the quokka. The quokka bites you. x2
You completely miss the quokka. The quokka bites you.
You barely miss the quokka.
The quokka bites you but does no damage. x2
You slash the quokka! You freeze the quokka.
You kill the quokka!
There is an escape hatch in the floor here.
Found a stone staircase leading down.
There is a stone staircase leading down here.
You sense a monster nearby.
As you read the scroll labelled SUTSISUPUELL, it crumbles to dust.
Magic quickly surges around you.
It was a scroll of vulnerability.
You start waiting.
You feel your willpower return.
A goblin comes into view. It is wielding a +0 club.
Found a brown potion and a great sword.
The goblin unwields a +0 club.
The goblin wields a +0 sling.
The goblin shoots a sling bullet.
The sling bullet closely misses you.
Ijyb the Twisted Goblin comes into view.
She is wielding a +0 dagger and carrying a wand of mindburst (10).
The goblin shoots a sling bullet.
The sling bullet completely misses you.
Ijyb shouts!
Ijyb zaps a wand.
Your mind is blasted!
The goblin shoots a sling bullet.
The sling bullet completely misses you.
The goblin shoots a sling bullet.
The sling bullet misses you.
Ijyb zaps a wand.
Your mind is blasted!
Ijyb zaps a wand.
Your mind is blasted!
* * * LOW HITPOINT WARNING * * *
Ijyb zaps a wand.
Your mind is blasted!
You die...

#...g## ...................
####.# #.####...#.###..... #.#
#........#..#.....# #.#
##..#..§.......#.### #{#
##.....≈○≈≈≈......#..
#{#####..##..≈≈≈≈≈....##...
#>....{.###.§≈≈_○≈.........
{..###...#######..≈≈.§○.......#.
......#.......@..≈≈.≈≈..###..#.
...###...g.........§...........
... #.>................#....###
.. #..^...............#....... .
#...............#........##
#...............#..........
#..........................
##............#.#..........
###...........#.#........##


You could see Ijyb.

Vanquished Creatures
  A necrophage (D:3)
  3 gnolls (D:3)
  An adder (D:3)
  3 worms
  2 dart slugs
  3 ball pythons
  6 endoplasms
  2 goblins
  2 hobgoblins (D:2)
  7 kobolds
  2 quokkas (D:3)
  A bat (D:3)
  2 frilled lizards
  3 rats
38 creatures vanquished.

Vanquished Creatures (others)
  7 plants
7 creatures vanquished.

Grand Total: 45 creatures vanquished

Notes
Turn   | Place    | Note
-------+----------+-------------------------------------------
     0 | D:1      | suse60 the Formicid Fighter began the quest for the Orb.
     0 | D:1      | Reached XP level 1. HP: 18/18 MP: 1/1
   160 | D:1      | Reached XP level 2. HP: 24/24 MP: 2/2
   451 | D:1      | Found a faded altar of an unknown god.
   738 | D:2      | Reached XP level 3. HP: 21/30 MP: 3/3
   838 | D:2      | Reached skill level 4 in Fighting
  1618 | D:3      | Reached XP level 4. HP: 36/37 MP: 4/4
  1824 | D:3      | Noticed a necrophage
  1841 | D:3      | Killed a necrophage
  1842 | D:3      | Reached skill level 5 in Fighting
  1842 | D:3      | Reached XP level 5. HP: 41/44 MP: 5/5
  1888 | D:3      | Found a shimmering blue altar of Sif Muna.
  2075 | D:3      | Noticed Ijyb
  2096 | D:3      | Blown up by Ijyb

Illustrated notes

Levels and vault maps discovered:
D:1:      roderic_crop_circles_arrival_small, layout_basic,
          basic_ecumenical_altar
D:2:      layout_basic, roderic_roman_lattice, serial_bayou_pond_b
D:3:      layout_rooms, nicolae_sif_muna_condensation, uniq_ijyb

Skill      XL: |  1  2  3  4 |
---------------+-------------+-----
Fighting       | 4 5 |  5.0
Axes           | 3 |  3.9
Armour         | |  3.2
Shields        | |  4.0

Action                   |  1- 3 |  4- 6 || total
-------------------------+-------+-------++-------
Melee: War axe           |    66 |    42 ||   108
 Fire: Sling             |     2 |       ||     2
  Use: Scroll            |     6 |     1 ||     7
Armor: Scale mail        |    15 |    17 ||    32
Dodge: Dodged            |    15 |    26 ||    41
Block: Buckler           |    10 |     9 ||    19
